Cogmind - Beta 10.2 @@@ ROGUE MODE // 2021.01.14 @ 18:31:55 Player: WayneKnight Result: Destroyed by as-18502 with Assembled F-torch Performance ------------- Evolutions (0) 0 Regions Visited (4) 800 Robots Destroyed (26) 130 Value Destroyed (563) 563 Prototype IDs (23) 460 Alien Tech Used (0) 0 Bonus (307) 307 TOTAL SCORE: 2260 Bonus ------- Follower Combat Kills 7 Aligned with FarCom 300 Cogmind --------- Core Integrity 0/250 Matter 279/300 Energy 125/125 System Corruption 0% Temperature Cool (20) Movement Treading (160) Location -9/Mines Parts ------- > --- POWER (1) -------- Light Ion Engine > --- PROPULSION (2) --- Light Treads Light Treads > --- UTILITY (2) ------ Medium Storage Unit Large Storage Unit > --- WEAPON (2) ------- Heavy Assault Rifle Rocket Launcher > --- INVENTORY (14) --- Light Treads Light Treads Light Treads Flying Fortress v7 Lightpack 2.0 Light Armor Plating Hacking Suite Heavy Battle Rifle Katana Peak State ------------ > --- POWER ------------ Ion Engine > --- PROPULSION ------- Light Treads Light Treads > --- UTILITY ---------- Medium Storage Unit Large Storage Unit > --- WEAPON ----------- Heavy Assault Rifle Heavy Battle Rifle > --- INVENTORY -------- Light Ion Engine Light Treads Light Treads Flying Fortress v7 Lightpack 2.0 Light Armor Plating Hacking Suite Rocket Launcher Mining Laser Katana [Rating: 17] Favorites ----------- Power Ion Engine Engine Ion Engine Propulsion Light Treads Treads Light Treads Leg Aluminum Leg Utility Medium Storage Unit Storage Medium Storage Unit Weapon Light Assault Rifle Energy Gun EM Pulse Gun Ballistic Gun Light Assault Rifle Launcher Grenade Launcher Build | -11 -10 -10 -10 -9 ------- Run | Scr Mat Min Exi Min Slots Evolved . | . . . . . Power . | . . . . . Propulsion . | . . . . . Utility . | . . . . . Weapon . | . . . . . Parts Attached 19 | 4 7 2 2 4 Power 2 | 1 . . . 1 Engine 2 | 1 . . . 1 Core . | . . . . . Reactor . | . . . . . Propulsion 5 | 2 1 . 1 1 Treads 5 | 2 1 . 1 1 Leg . | . . . . . Wheel . | . . . . . Hover . | . . . . . Flight . | . . . . . Utility 5 | 1 3 . 1 . Device . | . . . . . Storage 5 | 1 3 . 1 . Processor . | . . . . . Hackware . | . . . . . Protection . | . . . . . Artifact . | . . . . . Weapon 7 | . 3 2 . 2 Energy Gun 1 | . 1 . . . Energy Cannon . | . . . . . Ballistic Gun 4 | . 1 2 . 1 Ballistic Cannon . | . . . . . Launcher 2 | . 1 . . 1 Special Weapon . | . . . . . Impact Weapon . | . . . . . Slashing Weapon . | . . . . . Piercing Weapon . | . . . . . Special Melee Weapon . | . . . . . Unidentified Prototypes . | . . . . . Parts Lost 2 | . . 1 . 1 Power 1 | . . . . 1 Propulsion . | . . . . . Utility . | . . . . . Weapon 1 | . . 1 . . Highest Loss Streak 1 | . . 1 . 1 Average Slot Usage (%) 99 | . 99 99 100 99 Engine 13 | . 14 14 14 13 Treads 27 | . 27 28 28 28 Storage 28 | . 28 28 28 28 Energy Gun 2 | . 7 . . . Ballistic Gun 25 | . 20 27 28 28 Naked Turns . | . . . . . Heaviest Build 36 | 16 24 26 34 36 Greatest Support 40 | 40 40 40 40 40 Greatest Overweight (x) . | . . . . . Average Overweight (x) . | . . . . . Largest Inventory Capacity 14 | 8 12 12 14 14 Average Capacity 12 | 6 9 12 13 14 Most Carried 14 | 6 10 12 14 14 Average Carried 11 | 6 9 10 12 13 Final Capacity 14 | 8 12 12 14 14 Final Carried 14 | 6 10 12 14 13 Class Distribution -------------------- 83% | Mutant 16% | Scavenger-Mutant Dominant Class ---------------- Mutant | -10/Materials Mutant | -10/Mines Mutant | -10/Exiles Scavenger-Mutant | -9/Mines Resources | -11 -10 -10 -10 -9 ----------- Run | Scr Mat Min Exi Min Matter Collected 598 | 224 138 83 . 153 Remotely . | . . . . . Salvage Created 950 | 100 598 90 . 162 Parts 49 | 3 32 9 . 5 Haulers Intercepted 2 | . 2 . . . Recyclers Shooed . | . . . . . Parts Field Recycled . | . . . . . Retrieved Matter . | . . . . . Parts Self-Destructed . | . . . . . Prevented . | . . . . . Kills | -11 -10 -10 -10 -9 ------- Run | Scr Mat Min Exi Min Combat Hostiles Destroyed 24 | . 12 5 . 7 Guns 23 | . 12 5 . 6 AOE 1 | . . . . 1 Classes Destroyed 9 | 1 5 1 . 2 Worker 1 | . 1 . . . Tunneler 1 | . . 1 . . Hauler 2 | . 2 . . . Recycler 1 | 1 . . . . Operator 2 | . 2 . . . Swarmer 8 | . 3 5 . . Grunt 10 | . 9 . . 1 Duelist 1 | . . . . 1 Assembled 5 | . . . . 5 Best Kill Streak 4 | 1 3 4 . 2 Combat Bots Only 3 | . 3 3 . 2 Max Kills in Single Turn 2 | 1 1 2 . 1 Gunslinging 1 | . . 1 . . Exploded 1 | . . . . 1 Melee . | . . . . . Uniques/NPCs Destroyed . | . . . . . Combat | -11 -10 -10 -10 -9 -------- Run | Scr Mat Min Exi Min Damage Taken 988 | . 429 119 . 440 Core 252 | . 82 9 . 161 Absorbed by Shields . | . . . . . Core Remaining (%) 100 | 100 . . . . Volleys Fired 87 | 4 50 11 . 22 Largest 2 | 2 2 2 . 2 Hottest 60 | 60 60 53 . 56 Shots Fired 171 | 8 99 21 . 43 Gun 169 | 8 98 21 . 42 Cannon . | . . . . . Launcher 2 | . 1 . . 1 Special . | . . . . . Kinetic 149 | 4 82 21 . 42 Thermal . | . . . . . Explosive 2 | . 1 . . 1 Electromagnetic 20 | 4 16 . . . Robot Hit Streak 17 | 4 17 7 . 12 Robot Miss Streak 5 | 1 5 1 . 2 Penetration Max . | . . . . . Secondary Targets 3 | . 1 1 . 1 Max Gunslinging Chain 1 | . 1 1 . 1 Shots Hit Robots 115 | 6 64 13 . 32 Core Hits 61 | 2 36 9 . 14 Critical Hits . | . . . . . Critical Kills . | . . . . . Critical Parts Destroyed . | . . . . . Melee Attacks . | . . . . . Impact . | . . . . . Slashing . | . . . . . Piercing . | . . . . . Sneak Attacks . | . . . . . Combat Hostiles . | . . . . . Follow-up Attacks . | . . . . . Damage Inflicted 1382 | 47 636 148 . 551 Guns 1277 | 47 597 129 . 504 Cannons . | . . . . . Explosions 61 | . 36 . . 25 Melee . | . . . . . Ramming 44 | . 3 19 . 22 Kinetic 1059 | 22 404 129 . 504 Thermal . | . . . . . Explosive 61 | . 36 . . 25 Electromagnetic 218 | 25 193 . . . Impact . | . . . . . Slashing . | . . . . . Piercing . | . . . . . Highest Corruption . | . . . . . Average Corruption . | . . . . . Corruption Purged . | . . . . . Overload Shots . | . . . . . Overflow Damage . | . . . . . Projectiles . | . . . . . Explosions . | . . . . . Melee . | . . . . . Knockbacks . | . . . . . Impact . | . . . . . Kinetic . | . . . . . Secondary . | . . . . . Self-Inflicted Damage 8 | . . . . 8 Shots 1 | . . . . 1 Rammed 11 | . 1 6 . 4 Targets Rammed 11 | . 1 6 . 4 Kicked . | . . . . . Crushed . | . . . . . Highest Temperature 97 | 40 97 24 . 40 Average Temperature 23 | 18 26 11 . 20 Received Heat Transfer 254 | . 186 . . 68 Siege Activations . | . . . . . Robots Corrupted . | . . . . . Combat Hostiles . | . . . . . Parts Fried . | . . . . . Impact Corruptions . | . . . . . Robots Melted . | . . . . . Combat Hostiles . | . . . . . Parts Melted . | . . . . . Heat Transferred . | . . . . . Parts Sabotaged . | . . . . . Parts Stolen . | . . . . . Parts Stripped . | . . . . . Power Chain Reactions . | . . . . . Missiles Intercepted . | . . . . . Alert | -11 -10 -10 -10 -9 ------- Run | Scr Mat Min Exi Min Peak Influence 215 | 5 215 123 . 50 Initial 8 | . 3 8 . . Average 55 | 3 82 62 . 16 Maximum Alert Level 1 | . 1 . . . Low Security (%) 99 | 100 98 100 . 100 Level 1 . | . 1 . . . Level 2 . | . . . . . Level 3 . | . . . . . Level 4 . | . . . . . Level 5 . | . . . . . High Security . | . . . . . Max Security . | . . . . . Squads Dispatched 4 | . 4 . . . Investigation 1 | . 1 . . . Extermination . | . . . . . Reinforcement 3 | . 3 . . . Assault . | . . . . . Garrison . | . . . . . Intercept . | . . . . . Construction Impeded . | . . . . . Haulers Reinforced . | . . . . . Stealth | -11 -10 -10 -10 -9 --------- Run | Scr Mat Min Exi Min Distress Signals 2 | . 1 . . 1 Communications Jammed . | . . . . . Distress Signals . | . . . . . Times Spotted 40 | . 25 7 . 8 Peak Tracking Total 3 | . 3 3 . 2 Tactical Retreats 3 | . 2 1 . . Traps | -11 -10 -10 -10 -9 ------- Run | Scr Mat Min Exi Min Traps Triggered . | . . . . . Indirectly . | . . . . . Trap Hack Attempts . | . . . . . Triggered . | . . . . . Disarmed . | . . . . . Reprogrammed . | . . . . . Reused . | . . . . . Traps Extracted . | . . . . . Installed . | . . . . . Triggered . | . . . . . Machines | -11 -10 -10 -10 -9 ---------- Run | Scr Mat Min Exi Min Machines Disabled 2 | . . 2 . . Max in Single Turn 1 | . . 1 . . Machines Sabotaged . | . . . . . Garrisons Compromised . | . . . . . Overloaded Fab Kills . | . . . . . Fab Network Shutdowns . | . . . . . Hacking | -11 -10 -10 -10 -9 --------- Run | Scr Mat Min Exi Min Machines Accessed 10 | . 8 . 2 . Terminals 5 | . 5 . . . Fabricators . | . . . . . Repair Stations 1 | . 1 . . . Recycling Units 2 | . 2 . . . Scanalyzers . | . . . . . Garrison Access . | . . . . . Total Hacks 27 | . 25 . 2 . Successful 16 | . 14 . 2 . Failed 11 | . 11 . . . Catastrophic 1 | . 1 . . . Database Lockouts . | . . . . . Manual 11 | . 10 . 1 . Terminals 20 | . 20 . . . Fabricators . | . . . . . Repair Stations 3 | . 3 . . . Recycling Units 2 | . 2 . . . Scanalyzers . | . . . . . Garrison Access . | . . . . . Terminal Hacks 7 | . 5 . 2 . Record 1 | . . . 1 . Robot Analysis 3 | . 3 . . . Unreport Threat 1 | . 1 . . . Zone Layout 1 | . 1 . . . EX-Prototype ID Bank 1 | . . . 1 . Fabricator Hacks . | . . . . . Repair Station Hacks 2 | . 2 . . . Scan Component 1 | . 1 . . . Repair 1 | . 1 . . . Recycling Unit Hacks 2 | . 2 . . . Report Inventory 2 | . 2 . . . Scanalyzer . | . . . . . Garrison Access Hacks . | . . . . . Unauthorized Hacks 5 | . 5 . . . Terminals 5 | . 5 . . . Track 3 | . 3 . . . Botnet 2 | . 2 . . . Fabricators . | . . . . . Repair Stations . | . . . . . Recycling Units . | . . . . . Scanalyzers . | . . . . . Garrison Access . | . . . . . Data Cores Recovered 2 | . 2 . . . Used 2 | . 2 . . . Hacking Detections 7 | . 7 . . . Full Trace Events 3 | . 3 . . . Feedback Events . | . . . . . Feedback Blocked . | . . . . . Robot Schematics Acquired . | . . . . . Robots Built . | . . . . . Matter . | . . . . . Time . | . . . . . Total Robot Build Rating . | . . . . . Part Schematics Acquired . | . . . . . Parts Built . | . . . . . Matter . | . . . . . Time . | . . . . . Total Part Build Rating . | . . . . . Parts Repaired 1 | . 1 . . . Time 26 | . 26 . . . Parts Recycled . | . . . . . Recycled Matter . | . . . . . Retrieved Matter . | . . . . . Retrieved Components . | . . . . . Parts Scanalyzed . | . . . . . Part Schematics Acquired . | . . . . . Parts Damaged . | . . . . . Bothacking | -11 -10 -10 -10 -9 ------------ Run | Scr Mat Min Exi Min Used RIF Installer . | . . . . . Robots Hacked . | . . . . . Non-combat . | . . . . . Combat . | . . . . . Robot Hacks Applied . | . . . . . Relay Couplers Released . | . . . . . Robots Rewired . | . . . . . Allies Hacked . | . . . . . Hacks Repelled . | . . . . . Allies | -11 -10 -10 -10 -9 -------- Run | Scr Mat Min Exi Min Total Allies 2 | . . 2 . . Largest Group 2 | . . 2 1 . Highest-Rated Group 42 | . . 42 31 . Highest-Rated Ally 31 | . . 31 31 . Total Orders . | . . . . . Ally Attacks 1 | . . 1 . . Total Damage 22 | . . 22 . . Kills 1 | . . 1 . . Allies Corrupted . | . . . . . Allies Melted . | . . . . . Intel | -11 -10 -10 -10 -9 ------- Run | Scr Mat Min Exi Min Robot Analysis Total 3 | . 3 . . . Derelict Logs Recovered 1 | . . 1 . . Drone Launches . | . . . . . Drone Recoveries . | . . . . . Exploration | -11 -10 -10 -10 -9 ------------- Run | Scr Mat Min Exi Min Turns Passed 4778 | 31 1317 1239 1046 1145 Spaces Moved 2434 | 12 646 744 649 383 Core . | . . . . . Treads 2423 | 1 646 744 649 383 Legs 11 | 11 . . . . Wheels . | . . . . . Hover . | . . . . . Flight . | . . . . . Fastest Speed 120 | 120 160 160 160 160 Average Speed 159 | 123 160 160 160 160 Slowest Speed 160 | 160 160 160 160 160 Overloaded Moves . | . . . . . Propulsion Burnouts . | . . . . . Robots Hopped . | . . . . . Cave-ins Triggered . | . . . . . Exploration Rate (%) 68 | 3 96 99 79 67 Regions Visited 4 Branch Regions 3 Pre-discovered Areas 2 | . . 1 1 . Known Exits Taken . | . . . . . Unknown Exits Taken 4 | 1 1 1 1 . Scrap Searched 3 | . . 1 . 2 Spaces Dug . | . . . . . Terrain Destroyed 22 | . 5 . . 17 Melee . | . . . . . Projectile 3 | . . . . 3 AOE 19 | . 5 . . 14 Terrain Rammed . | . . . . . Walls Destroyed . | . . . . . Machines Disabled . | . . . . . Actions | -11 -10 -10 -10 -9 --------- Run | Scr Mat Min Exi Min Total 3171 | 19 847 771 659 875 Wait 592 | . 131 7 . 454 Move 2430 | 11 645 743 648 383 Hop . | . . . . . Pick Up 15 | . 7 2 3 3 Fast Attach 2 | 1 1 . . . Attach 2 | . . 1 . 1 Detach . | . . . . . Swap 15 | 3 6 1 2 3 Drop 17 | . 6 . 6 5 Fire 87 | 4 50 11 . 22 Melee . | . . . . . Ram . | . . . . . Kick . | . . . . . Crush 11 | . 1 6 . 4 Escape Stasis . | . . . . . Rewire . | . . . . . Trap . | . . . . . Miscellaneous . | . . . . . Route ------- -11/Scrapyard -10/Materials (discovered 5 exits: [*Mat x3] / [*Min x2]) -10/Mines (discovered 3 exits: [*Mat x2] / *Exi) -10/Exiles (discovered 2 exits: [*Min x2]) -9/Mines (discovered 2 exits: [*Mat x2]) History --------- Turn | Location | Event 14 | -11/Scrapyard | Discovered new exit (range 3) 32 | -11/Scrapyard | Entered Materials 178 | -10/Materials | Discovered new exit (range 10) 301 | -10/Materials | Build established: Mutant 341 | -10/Materials | Discovered new exit (range 15) 532 | -10/Materials | Discovered new exit (range 16) 678 | -10/Materials | Discovered new exit (range 10) 1035 | -10/Materials | Repaired Lgt. Treads 1078 | -10/Materials | Discovered new exit (range 12) 1349 | -10/Materials | Entered Mines 1532 | -10/Mines | Learned location of Storage (-7) 1627 | -10/Mines | Discovered new exit (range 6) 1784 | -10/Mines | Found a hidden stash of uninstalled traps 1828 | -10/Mines | Deemed a non-threat by the Exiles lab entrance 1884 | -10/Mines | Discovered new exit (range 8) 2127 | -10/Mines | A weapon hastily lodged in a ceiling crevice suddenly fell to the ground 2295 | -10/Mines | Learned Materials security intel 2580 | -10/Mines | Discovered new exit (range 5) 2588 | -10/Mines | Entered Exiles 2588 | -10/Exiles | Accompanied by 1 ally 2609 | -10/Exiles | Discovered new exit (range 15) 2618 | -10/Exiles | Led the pair of lost Derelicts to a safe place 2628 | -10/Exiles | Met 8R-AWN 2656 | -10/Exiles | Met EX-HEX 2702 | -10/Exiles | Met EX-BIN 2785 | -10/Exiles | Met EX-DEC 2837 | -10/Exiles | Visited The Gauntlet 2979 | -10/Exiles | Learned location of Zion (-6) 3386 | -10/Exiles | Aligned with FarCom system 3388 | -10/Exiles | Given EX-Vault access code 3426 | -10/Exiles | Opened EX-Vault 3459 | -10/Exiles | Found Flying Fortress v7 3468 | -10/Exiles | Found Lightpack 2.0 3512 | -10/Exiles | Warned to stay clear of 0b10 Research branches 3611 | -10/Exiles | Discovered new exit (range 14) 3634 | -10/Exiles | Stole two prototypes: Flying Fortress v7, Lightpack 2.0 3634 | -10/Exiles | Entered Mines 3641 | -9/Mines | Core integrity fell below 50% 3649 | -9/Mines | Core integrity fell below 20% 3784 | -9/Mines | Discovered new exit (range 10) 3857 | -9/Mines | Received a Rocket Launcher from a helpful Derelict 3870 | -9/Mines | Discovered new exit (range 11) 3966 | -9/Mines | Joined a pair of Derelicts in attacking an 0b10 outpost 4202 | -9/Mines | Assembled infested the area 4280 | -9/Mines | Build established: Scavenger-Mutant 4779 | -9/Mines | Destroyed by as-18502 with Assembled F-torch Last Messages --------------- 04207_ Slammed into T-07 Excavator. 04226_ T-07 Excavator is excavating. 04320_ as-13621 sneak attacks. 04329_ Ion Engine destroyed. 04329_ Destroyed Asb. Hover Unit. 04332_ as-13621 destroyed. 04341_ as-95336 destroyed. 04651_ Acquired 16 matter. 04657_ as-64742 destroyed. 04660_ Acquired 15 matter. 04723_ Acquired 28 matter. 04754_ U-05 Engineer builds a Wall. 04758_ U-05 Engineer lays Concrete. 04759_ U-05 Engineer builds a Wall. 04763_ as-46798 destroyed. 04764_ U-05 Engineer builds a Wall. 04766_ U-05 Engineer destroyed. 04772_ Acquired 16 matter. 04775_ Acquired 2 matter. 04778_ as-78639 destroyed. Map ----- +----------------------------------------------------+ | | | | | | | | | | | | | | | | | | | | | ?????????????????????????????????????????????????? | | ?????????????????????????????????????????????????? | | ?????????????????????????????????????????????????? | | ?????????????????????????????????????????????????? | | ???????????????##?##?????????????????????????????? | | ????????????### ## ##????????????????????????????? | | ????????????# #????????????????????????????? | | ?????????#### #????????????????????????????? | | ????????## #????????????????????????????? | | ????????# #??????????????????????????????? | | ????????# ####??????????????????????????????? | | ????????## #!######????????????????????????????? | | ?????????##### %# # ####?????????????????????????? | | ??????????# #[ # # # ????????????????????????? | | ??????????# ####????????????????????? | | ??????????# %a @r;##########???????????? | | ??????????## # # # #????????? | | ?????????? #%%# # ###### ######???????????? | | ????????? ## ### ###?#?????????????????????????? | | ????????#??# ###?????????????????????????????? | | ??????????? #=%| ????????????????????????????????? | | ?#####???? #*%## ????????????????????????????????? | | ## ##??# ##!## ????????????????????????????????? | | # ####?## #?#????????????????????????????????? | | ! ##??# #??????????????????????????????????? | | % #??# #??????????????????????????????????? | | #### ###????????????????????????????????? | | #????????????????????????????????? | | ## #????????????????????????????????? | | ######## # #????????????????????????????????? | | # ##?????## ##???????????????????????????????? | | ####?????## #???????????????????????????????? | | ?????????# #???????????????????????????????? | | #????????# ##??????????????????????????????? | | ##??????## #??????????????????????????????? | | "#?###### ### #?????????????????????????????? | | %### ##??# #???????????????????????????? | | ### ##???? #???????????????????????????? | | # ##?????? #???????????????????????????? | | ##???????####???????????????????????????? | +----------------------------------------------------+ Best States ------------- Heat Dissipation 25 Energy Generation 10 Energy Capacity 250 Matter Stores 300 Matter Capacity 300 Sight Range 16 Terrain Scan Density 10 Evasion (%) 40 Recoil Reduction 2 Item Schematics ----------------- None Robot Schematics ------------------ None Fabricated ------------ Nothing Alien Tech Used ----------------- None Achievements -------------- None Challenges ------------ None Game ------ Seed AbsorptionMobileMace Manual? 0 Play Time 00:20:57 Cumulative 198.1 hours Start 2021.01.14 @ 18:15:21 End 2021.01.14 @ 18:31:55 Sessions 1 Manual Loads 0 Difficulty Rogue Special Mode None Game No. 148 Rogue 148 Adventurer 0 Explorer 0 Win Type - Total 4 Types 4/0/0/0/0/0/0/0/0 Lore% 49 Gallery% 61 Achievement% 45 Wizard Run 0 Options --------- ASCII 1 Keyboard 1 Movement Arrows Keybinds 0 Fullscreen 1 Font 24/Proggy Map View 76x50 Tactical HUD 1 Map Filters NONE Filters NONE Steam 1 RUN: fb127913-c412-4fbc-a4d0-914ca90fbaae